 Dungeon Crawl Stone Soup version 0.24-a0-57-gac335f2 (webtiles) character file.

Game seed: 14775286462590601966

1519 Inarius the Skirmisher (level 8, -4/67 HPs)
             Began as a Mummy Monk on Feb 4, 2019.
             Was an Initiate of Gozag.
             Slain by an orc warrior
             ... wielding a +0 hand axe
              (8 damage)
             ... on level 5 of the Dungeon.
             The game lasted 00:14:11 (10051 turns).

Inarius the Skirmisher (Mummy Monk)                Turns: 10051, Time: 00:14:11

Health: -4/67      AC: 15    Str: 16    XL:     8   Next: 54%
Magic:  8/8        EV:  6    Int:  9    God:    Gozag
Gold:   497        SH:  0    Dex: 15    Spells: 7/7 levels left

rFire    x . .     SeeInvis .   l - +2 whip (freeze)
rCold    + . .     Gourm    .   (no shield)
rNeg     + + +     Faith    .   c - +0 plate armour
rPois    ∞         Spirit   .   (no helmet)
rElec    .         Reflect  .   (no cloak)
rCorr    .         Harm     .   h - +2 pair of gloves
MR       ++...                  (no boots)
Stlth    ..........             (no amulet)
HPRegen  0.21/turn              b - ring of protection from magic
MPRegen  0.11/turn              (no ring)

@: no status effects
A: no food or potions, fire vulnerability, cold resistance 1, negative energy
resistance 3, torment resistance, unbreathing
a: Potion Petition, Call Merchant, Bribe Branch, Renounce Religion


You were on level 5 of the Dungeon.
You worshipped Gozag.
Gozag was aware of your devotion.
You were not hungry.

You visited 1 branch of the dungeon, and saw 6 of its levels.
You also visited: Ossuary.

You collected 497 gold pieces.

Inventory:

Hand Weapons
 a - a +0 hand axe
 l - a +2 whip of freezing (weapon)
Missiles
 i - 2 throwing nets (quivered)
Armour
 c - a +0 plate armour (worn)
 h - a +2 pair of gloves (worn)
Jewellery
 b - a ring of protection from magic (left hand)
 j - an uncursed ring of ice
Scrolls
 d - 6 scrolls of remove curse
 e - 2 scrolls of teleportation
 f - a scroll of enchant armour
 g - a scroll of amnesia
 k - a scroll of fog
 m - 2 scrolls of vulnerability
 n - a scroll of magic mapping
 o - 2 scrolls of identify
 p - a scroll of blinking
 q - a scroll of fear


   Skills:
 - Level 7.1 Fighting
 + Level 4.1 Axes
 + Level 5.9 Armour
 - Level 3.0 Dodging
 - Level 1.5 Stealth


You had 7 spell levels left.
You didn't know any spells.
Your spell library was empty.

Dungeon Overview and Level Annotations

Branches:
Dungeon (6/15)
 Temple: D:4-7

Altars:
Ashenzari
Dithmenos
Gozag
Nemelex Xobeh
Okawaru
The Shining One

Shops:
D:5 *


Innate Abilities, Weirdness & Mutations

You do not eat or drink.
Your flesh is vulnerable to fire.
You are immune to poison.
Your flesh is cold resistant. (rC+)
You are immune to negative energy. (rN+++)
You are immune to unholy pain and torment.
You can survive without breathing.


Message History

You hit the orc warrior but do no damage.
The orc warrior is severely wounded.
The orc warrior barely misses you.
You hit the orc warrior but do no damage.
The orc warrior is severely wounded.
The orc warrior hits you but does no damage.
You hit the orc warrior. You freeze the orc warrior.
The orc warrior is almost dead.
The orc warrior hits you but does no damage.
You hit the orc warrior but do no damage.
The orc warrior is almost dead.
The orc warrior hits you with a +0 hand axe!
* * * LOW HITPOINT WARNING * * *
You hit the orc warrior but do no damage.
The orc warrior is almost dead.
You hit the orc warrior. You freeze the orc warrior.
The orc warrior is almost dead.
The orc warrior hits you with a +0 hand axe!
You die...
Your body crumbles into a pile of gold.

###.........##
###..[###..##
....######...####...###
##..### ...##
##...#....## ##....#
#.### ##......## #..####
.#..# ##!....## #..#
.##.# ##.....# ##.##
...### #.....# #..##
.###.# #.....## ##...##
###..#
##..@...###.....### #
#..##
##...o.............##
##..#
##.........#...####..#
#..#####..........##...#
##.# ##
#.................###..##
#.#
.###.................#
#...#####
...#.................#
##...#.#
..............p<.....#
##..#.#
.....................#
#....#


You could see an orc warrior and a neutral freed slave (wandering).

Vanquished Creatures
  Pikel (D:4)
  2 phantoms
  An ogre (D:4)
  A centaur (D:5)
  A bullfrog zombie (D:5)
  2 centaur zombies (Ossuary)
  A human zombie (Ossuary)
  An orc priest (D:5)
  A centaur skeleton (D:4)
  An orc wizard (D:5)
  2 iguanas (D:4)
  A worker ant (D:5)
  A big kobold zombie (Ossuary)
  3 ogre zombies (Ossuary)
  7 mummies (Ossuary)
  5 adders
  9 gnolls
  3 adder zombies (Ossuary)
  5 worms
  6 dart slugs
  15 orcs
  6 bats
  2 giant cockroaches
  3 gnoll zombies (Ossuary)
  5 goblins
  12 hobgoblins
  4 jackals (D:3)
  10 kobolds
  4 quokkas
  7 frilled lizards
  3 goblin zombies
  5 hobgoblin zombies (Ossuary)
  6 kobold zombies (Ossuary)
  An orc zombie (Ossuary)
  A quokka zombie (Ossuary)
  24 rats
  3 rat zombies
165 creatures vanquished.

Vanquished Creatures (others)
  A worker ant zombie (D:5)
  An adder skeleton (D:5)
  A ball python (D:5)
3 creatures vanquished.

Grand Total: 168 creatures vanquished

Notes
Turn   | Place    | Note
-------+----------+-------------------------------------------
     0 | D:1      | Inarius the Mummy Monk began the quest for the Orb.
     0 | D:1      | Reached XP level 1. HP: 18/18 MP: 1/1
   339 | D:1      | Reached XP level 2. HP: 22/24 MP: 2/2
   961 | D:2      | Found a glowing golden altar of the Shining One.
  1282 | D:2      | Reached XP level 3. HP: 17/30 MP: 3/3
  1944 | D:2      | Reached skill level 4 in Fighting
  2005 | D:2      | Found a faded altar of an unknown god.
  2550 | D:2      | Reached skill level 1 in Armour
  2705 | D:2      | Found a sparkling altar of Nemelex Xobeh.
  2818 | D:2      | Reached XP level 4. HP: 35/37 MP: 4/4
  3720 | D:3      | Reached XP level 5. HP: 42/43 MP: 5/5
  3877 | D:3      | Found an iron altar of Okawaru.
  4406 | D:4      | Found a sand-covered staircase.
  4413 | Ossuary  | Entered an ossuary
  4581 | Ossuary  | Reached skill level 5 in Fighting
  4922 | Ossuary  | Reached XP level 6. HP: 36/51 MP: 6/6
  6082 | Ossuary  | Reached skill level 6 in Fighting
  6797 | D:4      | Reached XP level 7. HP: 45/58 MP: 7/7
  7763 | D:5      | Entered Level 5 of the Dungeon
  7780 | D:5      | Reached skill level 7 in Fighting
  7877 | D:5      | Found an opulent altar of Gozag.
  8001 | D:5      | Found Gozag's Platinum Reserve.
  8007 | D:5      | Became a worshipper of Gozag Ym Sagoz the Greedy
  8113 | D:5      | Noticed Pikel
  8575 | D:4      | Killed Pikel
  8575 | D:4      | Reached skill level 5 in Armour
  8575 | D:4      | Reached XP level 8. HP: 63/67 MP: 8/8
  8930 | D:5      | Found a shadowy altar of Dithmenos.
  9234 | D:5      | Found a shattered altar of Ashenzari.
 10051 | D:5      | Slain by an orc warrior

Vault maps used:
D:1:      dpeg_chamrin_arrival_tetris
D:2:      lemuel_round_altar, tso_metal_star, first_ration,
          chequers_ecumenical_altar_simple, minmay_rat_hole
D:3:      okawaru_altar_gauntlet_db, kennysheep_generic_room_9
D:4:      wander_river, enter_ossuary_4
D:5:      nicolae_gozag_zags_fifth_avenue, ashenzari_altar_1,
          grunt_dithmenos_shadows, uniq_pikel
D:6:      minmay_temple_entry_purple_smoke, gup_sewer_entry_pipe, serial_shops,
          shop, gammafunk_ghost_necromancy, minmay_manual_moon
Ossuary:  ossuary_boxes_badplayer

Skill      XL: |  1  2  3  4  5  6  7  8 |
---------------+-------------------------+-----
Fighting       | 4 5 6 7 |  7.1
Armour         | 1 2 3 5 |  5.9
Dodging        | 3 |  3.0
Axes           | 3 4 |  4.1
Stealth        | |  1.5

Action                   |  1- 3 |  4- 6 |  7- 9 || total
-------------------------+-------+-------+-------++-------
Melee: Hand axe          |   236 |   558 |   248 ||  1042
       Whip              |       |       |   113 ||   113
  Use: Scroll            |       |    10 |     1 ||    11
Armor: Plate armour      |   125 |   407 |   215 ||   747
       Robe              |     2 |       |       ||     2
Dodge: Dodged            |    49 |   155 |    90 ||   294

Table legend:
 A = Non-vault XP
 B = Vault XP
 C = Vault XP percentage of total XP
 D = Non-vault monster count
 E = Vault monster count
 F = Vault count percentage of total count
                 A         B        C        D         E       F
            +---------+---------+-------+---------+---------+-------
      Total |     966 |    1205 |  55.5 |      97 |      68 |  41.2
            +---------+---------+-------+---------+---------+-------
        D:1 |      35 |       0 |   0.0 |      17 |       0 |   0.0
        D:2 |     118 |      20 |  14.5 |      25 |      19 |  43.2
        D:3 |      50 |      31 |  38.3 |      25 |       8 |  24.2
        D:4 |     408 |     631 |  60.7 |      13 |       3 |  18.8
        D:5 |     355 |     125 |  26.0 |      17 |       1 |   5.6
    Ossuary |       0 |     398 | 100.0 |       0 |      37 | 100.0
            +---------+---------+-------+---------+---------+-------
